 Dungeon Crawl Stone Soup version 0.31.0-9-g3a7656b989 (webtiles) character file.

Game seed: 4596691040420803842

810 Kass the Poker (level 7, -7/55 HPs)
             Began as a Merfolk Gladiator on Jan 31, 2024.
             Was a Priest of Dithmenos.
             Mangled by an ogre
             ... wielding a +0 giant spiked club
              (21 damage)
             ... in the Ecumenical Temple.
             The game lasted 00:08:27 (3115 turns).

Kass the Poker (Merfolk Gladiator)                  Turns: 3115, Time: 00:08:27

Health: -7/55      AC:  4    Str: 16    XL:     7   Next: 92%
Magic:  7/7        EV: 15    Int:  7    God:    Dithmenos [***...]
Gold:   136        SH:  0    Dex: 16    Spells: 6/6 levels left

rFire   + . .        a - +0 trident
rCold   . . .        (no shield)
rNeg    . . .        s - +1 robe of Festooned Amelioration {rPois rF+}
rPois   +            c - +0 helmet
rElec   .            (no cloak)
rCorr   .            (no gloves)
SInv    .            (no boots)
Will    .....        l - amulet of regeneration
Stlth   +++          q - ring of flight
HPRegen 1.09/turn    (no ring)
MPRegen 0.10/turn

%: no passive effects
@: flying, wreathed by umbra
A: (nimble swimmer 2), mertail
a: Renounce Religion, Shadow Step


You were in the Ecumenical Temple.
You worshipped Dithmenos.
Dithmenos was most pleased with you.
You visited 2 branches of the dungeon, and saw 6 of its levels.

You collected 220 gold pieces.
You spent 84 gold pieces at shops.

Inventory:

Hand Weapons
 a - a +0 trident (weapon)
Missiles
 d - 3 throwing nets
 e - 5 javelins
 f - 6 datura-tipped darts
 w - 3 atropa-tipped darts (quivered)
 D - 5 poisoned darts
Armour
 b - a +0 leather armour
 c - a +0 helmet (worn)
 s - the +1 robe of Festooned Amelioration (worn) {rPois rF+}
   (You found it on level 2 of the Dungeon)

   rF+:       It protects you from fire.
   rPois:     It protects you from poison
Jewellery
 l - an amulet of regeneration (around neck)
 q - a ring of flight (left hand)
Scrolls
 h - a scroll of vulnerability {unknown}
 i - a scroll of torment {unknown}
 j - a scroll of immolation {unknown}
 m - a scroll of revelation {unknown}
 o - 3 scrolls of teleportation {unknown}
 p - 2 scrolls of enchant armour {unknown}
 r - a scroll of acquirement {unknown}
 t - a scroll of fog {unknown}
 u - a scroll of brand weapon {unknown}
 v - 4 scrolls of identify
 y - a scroll of fear
Potions
 g - a potion of magic {unknown}
 k - 2 potions of attraction {unknown}
 n - a potion of enlightenment {unknown}
 x - 2 potions of might {unknown}
 z - 2 potions of mutation {unknown}
 A - a potion of berserk rage {unknown}
 B - 2 potions of curing {unknown}
 C - a potion of brilliance {unknown}


   Skills:
 + Level 4.9 Fighting
 + Level 6.5 Polearms
 + Level 4.3 Throwing
 + Level 6.4 Dodging
 + Level 3.5 Stealth


You had 6 spell levels left.
You didn't know any spells.
Your spell library contained the following spells:

 Spells                   Type           Power      Damage    Failure   Level
 Necrotise                Necr           0%         1d4       43%         1
 Slow                     Hex            0%         N/A       43%         1
 Momentum Strike          Conj/Tloc      0%         3d8       56%         2
 Static Discharge         Conj/Air       0%         3-3/arc   56%         2
 Confusing Touch          Hex            0%         N/A       80%         3
 Dazzling Flash           Conj/Hex       0%         N/A       80%         3
 Sigil of Binding         Hex            0%         N/A       80%         3
 Vampiric Draining        Necr           0%         2d6       80%         3
 Martyr's Knell           Necr/Summ      0%         N/A       99%         4
 Curse of Agony           Necr           0%         N/A       100%        5


Dungeon Overview and Level Annotations

Branches:
Dungeon (5/15)             Temple (1/1) D:5

Altars:
Ashenzari
Cheibriados
Dithmenos
Elyvilon
Gozag
Kikubaaqudgha
Makhleb
Nemelex Xobeh
Ru
Sif Muna
Trog
Uskayaw
Vehumet
Wu Jian
Xom
Yredelemnul
Zin

Shops:
D:4 ?


Innate Abilities, Weirdness & Mutations

((You are very nimble when in or above water. (Stealth+, EV+, Speed+++)))
Your lower body shifts to a powerful aquatic tail in water.


Message History

You barely miss the orc wizard.
The orc wizard mumbles some strange words.
The orc wizard flickers and vanishes!
Deactivating autopickup; reactivate with Ctrl-A.
The howler monkey hits you.
You hit something but do no damage.
The ogre hits you with a +0 giant spiked club!!
Something hits you.
The howler monkey hoots and howls with incredible vigour!
You puncture the howler monkey!
The howler monkey is severely wounded.
The howler monkey closely misses you. Something barely misses you.
The ogre hits you but does no damage.
The howler monkey hoots and howls with incredible vigour!
Something hits you but does no damage.
The howler monkey hoots and howls with incredible vigour!
Reach: a) +0 trident
Press: ? - help, Dir - move target, f - howler monkey
Aim: a howler monkey (severely wounded, catching its breath, umbra, about 39% to evade your +0 trident)
You reach to attack!
You hit the howler monkey.
The howler monkey is severely wounded.
You puncture the howler monkey!
You kill the howler monkey!
Dithmenos accepts your kill.
You hit the ogre.
The ogre is lightly wounded.
The ogre closely misses you.
You puncture the ogre!
The ogre is moderately wounded.
The ogre completely misses you.
You completely miss the ogre.
The ogre is moderately wounded.
You completely miss the ogre.
The ogre is moderately wounded.
The ogre hits you with a +0 giant spiked club!!
* * * LOW HITPOINT WARNING * * *
You hit the ogre.
The ogre is heavily wounded.
The ogre hits you with a +0 giant spiked club!!
You die...

#...##.## ##.##...# #...#
#._.###.###.###._.# #._.#
##...####...####...####...#
##.###.###._.###.###.##.####
##.## ##.##...##.#####..##
#.## ##.##.##.####..#.## ###
#####.#.#.####.####.#
#...##[..##...## ###
#._....<.O@._.#
##...##.).##...# ###
#####.####.#.#.##### ##.#
#.#..####.##.##.## ##.##
##..#####.##...##.## ##.##
#.##.###.###._.###.###.##
.####...####...####...## .#
#._.###.###.###._.# .#
#...##.## ##.##...#


You could see an ogre.

Vanquished Creatures
  Sigmund (D:4)
  An ogre (D:4)
  A phantom (D:5)
  Blork the orc (D:3)
  A scorpion (D:3)
  2 howler monkeys
  A jelly (D:4)
  An orc priest (Temple)
  2 iguanas (D:4)
  An orc wizard (D:4)
  Robin (D:2)
  2 adders (D:2)
  A shadow imp (D:5)
  A dart slug (D:1)
  A ribbon worm (D:2)
  11 orcs
  13 endoplasms
  4 giant cockroaches
  16 goblins
  12 hobgoblins
  9 kobolds
  2 quokkas
  14 ball pythons
  11 bats
  A frilled lizard (D:1)
  5 rats
116 creatures vanquished.

Notes
Turn   | Place    | Note
-------+----------+-------------------------------------------
     0 | D:1      | Kass the Merfolk Gladiator began the quest for the Orb.
     0 | D:1      | Reached XP level 1. HP: 16/16 MP: 1/1
   111 | D:1      | Reached XP level 2. HP: 23/23 MP: 2/2
   309 | D:1      | Reached XP level 3. HP: 28/28 MP: 3/3
   871 | D:2      | Found a faded altar of an unknown god.
   881 | D:2      | Prayed at the altar of an unknown god.
   881 | D:2      | Became a worshipper of Dithmenos the Shadowed
   881 | D:2      | Reached * piety under Dithmenos
   959 | D:2      | Noticed Robin
   968 | D:2      | Reached XP level 4. HP: 33/35 MP: 4/4
  1071 | D:2      | Killed Robin
  1193 | D:2      | Reached ** piety under Dithmenos
  1227 | D:2      | Identified the +1 robe of Festooned Amelioration {rPois
                  | rF+}
  1571 | D:3      | Noticed a scorpion
  1585 | D:3      | Killed a scorpion
  1586 | D:3      | Reached skill level 5 in Polearms
  1586 | D:3      | Reached skill level 5 in Dodging
  1586 | D:3      | Reached skill level 1 in Stealth
  1586 | D:3      | Reached XP level 5. HP: 40/41 MP: 5/5
  1780 | D:3      | Got Togul's Grimoire of Bolts
  1873 | D:3      | Found a shadowy altar of Dithmenos.
  1940 | D:3      | Found an ancient bone altar of Kikubaaqudgha.
  2083 | D:4      | Noticed Blork the orc
  2093 | D:3      | Killed Blork the orc
  2094 | D:3      | Reached XP level 6. HP: 15/48 MP: 6/6
  2261 | D:4      | Found Dutasiu's Magic Scroll Emporium.
  2293 | D:4      | Bought a scroll of fear for 56 gold pieces
  2293 | D:4      | Bought a scroll of identify for 28 gold pieces
  2443 | D:4      | Reached XP level 7. HP: 54/54 MP: 7/7
  2549 | D:4      | Reached *** piety under Dithmenos
  2563 | D:4      | Found an opulent altar of Gozag.
  2757 | D:4      | Noticed Sigmund
  2769 | D:4      | Killed Sigmund
  2833 | D:5      | Entered Level 5 of the Dungeon
  2908 | D:5      | Found a staircase to the Ecumenical Temple.
  2969 | Temple   | Entered the Ecumenical Temple
  3115 | Temple   | Mangled by an ogre

Illustrated notes

Levels and vault maps discovered:
D:1:      roadster_arrival_rocket_small, layout_loops_ring, st_stairs_2
D:2:      layout_loops_ring, ebering_ecumenical_altar_webs, minmay_misc_feat_x,
          minmay_splitting_lines, uniq_robin
D:3:      layout_rooms, mainiacjoe_overflow_boulevard,
          mainiacjoe_overflow_alcove_4, chequers_serial_rivers_room_b,
          minmay_box_of_dots
D:4:      layout_loops_ring, lemuel_round_altar, serial_shops, shop,
          hangedman_decor_lopped, st_stairs_8, chequers_mini_garden,
          eino_tiny_chamber, uniq_blork_the_orc, uniq_sigmund
D:5:      corexii_shack_village, layout_loops_cross, overflow_temple_1_default,
          old_standard_altar, minmay_temple_entry_gardened_gates,
          cheibrodos_sewer_entry_bend
Temple:   eino_narrow_crystal_temple

Skill      XL: |  1  2  3  4  5  6  7 |
---------------+----------------------+-----
Fighting       | 3 4 |  4.9
Polearms       | 5 6 |  6.5
Throwing       | 3 4 |  4.3
Dodging        | 5 6 |  6.4
Stealth        | 1 2 3 |  3.5

Action                     |  1- 3 |  4- 6 |  7- 9 || total
---------------------------+-------+-------+-------++-------
  Melee: Trident           |   123 |   188 |    74 ||   385
         Punch             |     2 |     1 |     1 ||     4
  Throw: Javelin           |       |     3 |       ||     3
         Dart              |       |       |     1 ||     1
   Stab: Sleeping          |     2 |    15 |     2 ||    19
         Invisible         |       |       |     2 ||     2
 Armour: Leather armour    |    40 |    35 |       ||    75
         Robe              |       |    38 |    27 ||    65
  Dodge: Dodged            |    60 |   125 |    47 ||   232
